 Dungeon Crawl Stone Soup version 0.23-a0-136-g722f094350 (webtiles) character file.

2353 Napalmbreeze the Destroyer (level 9, -13/47 HPs)
             Began as a Deep Elf Fire Elementalist on Aug 28, 2018.
             Was an Initiate of Vehumet.
             Killed from afar by a gargoyle (19 damage)
             ... with a stone arrow
             ... on level 7 of the Dungeon.
             The game lasted 00:33:11 (10671 turns).

Napalmbreeze the Destroyer (DEFE)                  Turns: 10671, Time: 00:33:14

Health: -13/47     AC:  5    Str:  5    XL:     9   Next: 20%
Magic:  17/23      EV: 13    Int: 24    God:    Vehumet [......]
Gold:   359        SH:  0    Dex: 15    Spells: 10/25 levels left

rFire    . . .     SeeInvis .   (no weapon)
rCold    . . .     Gourm    .   (no shield)
rNeg     . . .     Faith    .   a - +0 robe
rPois    .         Spirit   .   (no helmet)
rElec    .         Reflect  .   s - +0 cloak
rCorr    .         Harm     .   e - +0 pair of gloves
MR       .....                  n - +0 pair of boots
Stlth    ++........             h - amulet of regeneration
HPRegen  0.55/turn              v - ring of flight
MPRegen  0.18/turn              (no ring)

@: no status effects
A: no striking features
a: Renounce Religion, Evoke Flight


You were on level 7 of the Dungeon.
You worshipped Vehumet.
Vehumet was noncommittal.
You were not hungry.

You visited 2 branches of the dungeon, and saw 8 of its levels.

You collected 359 gold pieces.

Inventory:

Armour
 a - a +0 robe (worn)
 e - a +0 pair of gloves (worn)
 n - a +0 pair of boots (worn)
 s - a +0 cloak (worn)
Jewellery
 h - an amulet of regeneration (around neck)
 v - a ring of flight (left hand)
Wands
 w - a wand of paralysis (12)
Scrolls
 b - 2 scrolls of fog {unknown}
 d - 5 scrolls of identify
 f - 5 scrolls of teleportation {unknown}
 g - 2 scrolls of amnesia {unknown}
 i - a scroll of fear {unknown}
 j - a scroll of remove curse
 m - 3 scrolls of immolation
 o - a scroll of random uselessness {unknown}
Potions
 k - a potion of invisibility {unknown}
 l - 2 potions of lignification {unknown}
 p - 4 potions of degeneration {unknown}
 q - a potion of flight {unknown}
 r - a potion of magic {unknown}
 t - 4 potions of curing {unknown}
 u - a potion of brilliance {unknown}
Comestibles
 c - 10 rations


   Skills:
 * Level 1.3 Fighting
 - Level 2.4 Dodging
 - Level 2.4 Stealth
 + Level 8.5 Spellcasting
 + Level 9.4 Conjurations
 + Level 7.5 Fire Magic


You had 10 spell levels left.
You knew the following spells:

 Your Spells              Type           Power        Failure   Level  Hunger
a - Flame Tongue          Conj/Fire      #####        1%          1    None
d - Conjure Flame         Conj/Fire      ######..     1%          3    None
e - Fireball              Conj/Fire      ######....   5%          5    ####...
f - Sticky Flame          Conj/Fire      ######..     1%          4    ##.....
s - Throw Flame           Conj/Fire      ######       1%          2    None

Your spell library contained the following spells:

 Spells                   Type           Power        Failure   Level  Hunger
 Inner Flame              Hex/Fire       ####....     4%          3    None


Dungeon Overview and Level Annotations

Branches:
Dungeon (7/15)             Temple (1/1) D:5

Altars:
Ashenzari
Cheibriados
Dithmenos
Elyvilon
Gozag
Hepliaklqana
Kikubaaqudgha
Makhleb
Nemelex Xobeh
Okawaru
Ru
Sif Muna
Trog
Uskayaw
Vehumet
Xom
Zin
The Shining One

Shops:
D:4 *   D:5 *

Annotations:
D:6 exclusion: crimson imp


Message History

The flame tongue hits the gargoyle.
The gargoyle is heavily damaged.
The gargoyle hurls a stone arrow at you.
The stone arrow hits you!
The gargoyle hurls a stone arrow at you.
The stone arrow hits you!
Ouch! That really hurt!
* * * LOW HITPOINT WARNING * * *
Casting: Flame Tongue (safe; 1% risk of failure)
Confirm with . or Enter, or press ? or * to list all spells.
Aiming: Sticky Flame (safe; 1% risk of failure)
Press: ? - help, Shift-Dir - straight line, f/p - gargoyle
Aim: a gargoyle, wielding a mace (heavily damaged)
The sticky flame hits the gargoyle.
The gargoyle is severely damaged.
The gargoyle is covered in liquid flames!
The gargoyle burns!
The gargoyle hurls a stone arrow at you.
The stone arrow hits you!
You die...

##............##
#..............## #####
##..<..>.........##
....###.................##
###..............[.......#
#####..................##
.. #...........[.......# 9
#........<..........# .
##........@.........#
#.........9........#
##................##
#................# #
##..............## #
##...........### ###
###........## ###..
####.####.### ###.... ###
##.9###......


You could see a gargoyle (burning).

Vanquished Creatures
  An orc warrior (D:6)
  3 ice beasts
  A sky beast (D:6)
  3 ogres
  2 bullfrogs (D:6)
  A gnoll sergeant (D:4)
  A howler monkey (D:4)
  A jelly (D:7)
  A quasit (D:7)
  A bullfrog zombie (D:5)
  3 hounds
  Crazy Yiuf (D:4)
  2 orc priests
  2 iguanas
  2 gnoll shamans (D:4)
  3 bullfrog skeletons (D:5)
  5 orc wizards
  3 worker ants
  A hound zombie (D:5)
  13 adders
  44 gnolls (D:4)
  3 shadow imps
  2 oozes
  An adder skeleton (D:6)
  5 worms
  4 dart slugs
  3 leopard geckos
  17 orcs
  4 giant cockroaches
  8 hobgoblins
  23 jackals
  3 quokkas
  6 bats
  6 frilled lizards
  4 goblins
  A jackal skeleton (D:4)
  6 kobolds
  A leopard gecko zombie (D:5)
  4 rats
195 creatures vanquished.

Notes
Turn   | Place    | Note
-------+----------+-------------------------------------------
     0 | D:1      | Napalmbreeze the Deep Elf Fire Elementalist began the quest
                  | for the Orb.
     0 | D:1      | Reached XP level 1. HP: 10/10 MP: 6/6
   350 | D:1      | Reached XP level 2. HP: 14/15 MP: 5/8
   368 | D:1      | Reached skill level 2 in Conjurations
   843 | D:1      | You fall through a shaft!
   867 | D:2      | Reached XP level 3. HP: 19/19 MP: 3/10
  1016 | D:2      | Learned a level 2 spell: Throw Flame
  1020 | D:2      | Learned a level 3 spell: Conjure Flame
  1811 | D:2      | Reached skill level 3 in Conjurations
  1958 | D:2      | Reached XP level 4. HP: 24/24 MP: 9/11
  2971 | D:3      | Reached XP level 5. HP: 28/28 MP: 8/13
  3160 | D:3      | Reached skill level 4 in Conjurations
  4208 | D:4      | Reached XP level 6. HP: 32/32 MP: 7/15
  4360 | D:4      | Learned a level 4 spell: Sticky Flame
  4419 | D:4      | Reached skill level 5 in Spellcasting
  4612 | D:4      | Reached skill level 5 in Conjurations
  4893 | D:4      | Found Ikloaj's General Store.
  5016 | D:4      | Found a hazy altar of Hepliaklqana.
  5190 | D:4      | Reached skill level 5 in Fire Magic
  5332 | D:4      | Found a runed door.
  5336 | D:4      | Noticed Crazy Yiuf
  5343 | D:4      | Killed Crazy Yiuf
  5845 | D:4      | Reached XP level 7. HP: 36/36 MP: 14/17
  5853 | D:4      | Learned a level 5 spell: Fireball
  6138 | D:4      | Reached skill level 6 in Conjurations
  6823 | D:4      | Reached skill level 7 in Conjurations
  7275 | D:5      | Entered Level 5 of the Dungeon
  7399 | D:5      | Reached XP level 8. HP: 41/41 MP: 13/19
  7987 | D:5      | Reached skill level 8 in Conjurations
  8207 | D:5      | Found Lupeqis's Assorted Antiques.
  8292 | D:5      | Found a staircase to the Ecumenical Temple.
  8298 | Temple   | Entered the Ecumenical Temple
  8327 | Temple   | Became a worshipper of Vehumet
  9282 | D:6      | Reached skill level 9 in Conjurations
  9535 | D:6      | Reached XP level 9. HP: 44/45 MP: 12/23
  9838 | D:7      | Got a ripped robe
  9846 | D:7      | Identified the +1 robe "Mepn" {rElec rC- Str+9} (You found
                  | it on level 7 of the Dungeon)
 10076 | D:7      | Reached skill level 1 in Fighting
 10384 | D:7      | Noticed a gargoyle
 10671 | D:7      | Killed from afar by a gargoyle

Vault maps used:
D:1:      dpeg_arrival_central
D:4:      lemuel_castle_with_subvaults, nicolae_overflow_crystal_walls,
          first_ration, serial_shops, nicolae_shop_stone,
          uniq_crazy_yiuf_cottage
D:5:      kennysheep_six_static_rooms, minmay_temple_entry_hall, serial_shops,
          nicolae_shop_overgrown_old_shop
Temple:   nicolae_temple_the_god_donut

Skill      XL: |  1  2  3  4  5  6  7  8  9 |
---------------+----------------------------+-----
Conjurations   | 2 3 4 5 7 9 |  9.4
Spellcasting   | 4 5 6 8 |  8.5
Fire Magic     | 4 5 6 7 |  7.5
Fighting       | 1 |  1.3
Dodging        | |  2.4
Stealth        | |  2.4

Action                   |  1- 3 |  4- 6 |  7- 9 || total
-------------------------+-------+-------+-------++-------
Melee: Unarmed           |     3 |     4 |     8 ||    15
 Cast: Flame Tongue      |    60 |    91 |   180 ||   331
       Throw Flame       |     6 |    65 |    64 ||   135
       Conjure Flame     |       |     2 |     6 ||     8
       Sticky Flame      |       |     3 |    13 ||    16
       Fireball          |       |       |     7 ||     7
  Use: Scroll            |       |       |     5 ||     5
  Eat: Chunk             |     3 |    13 |     9 ||    25
       Ration            |       |       |     3 ||     3
Armor: Robe              |     9 |    10 |    21 ||    40
Dodge: Dodged            |    23 |    34 |    46 ||   103

Table legend:
 A = Non-vault XP
 B = Vault XP
 C = Vault XP percentage of total XP
 D = Non-vault monster count
 E = Vault monster count
 F = Vault count percentage of total count
                 A         B        C        D         E       F
            +---------+---------+-------+---------+---------+-------
      Total |    2384 |     978 |  29.1 |     128 |      67 |  34.4
            +---------+---------+-------+---------+---------+-------
        D:1 |      36 |       0 |   0.0 |      20 |       0 |   0.0
        D:2 |      79 |       0 |   0.0 |      17 |       0 |   0.0
        D:3 |     185 |       0 |   0.0 |      27 |       0 |   0.0
        D:4 |     218 |     862 |  79.8 |      18 |      62 |  77.5
        D:5 |     625 |     116 |  15.7 |      21 |       5 |  19.2
        D:6 |     824 |       0 |   0.0 |      15 |       0 |   0.0
        D:7 |     417 |       0 |   0.0 |      10 |       0 |   0.0
            +---------+---------+-------+---------+---------+-------
